 Dungeon Crawl Stone Soup version 0.31-a0-521-gc7390f8997 (webtiles) character file.

Game seed: 3766295774740909046

226 javelincjr the Trooper (level 5, 0/42 HPs)
             Began as a Demonspawn Fighter on Aug 10, 2023.
             Was a Believer of Makhleb.
             Slain by a sky beast (6 damage)
             ... on level 4 of the Dungeon.
             The game lasted 00:12:40 (2599 turns).

javelincjr the Trooper (Demonspawn Fighter)         Turns: 2599, Time: 00:12:40

Health: 0/42       AC: 12    Str: 19    XL:     5   Next: 69%
Magic:  5/5        EV:  6    Int:  9    God:    Makhleb [**....]
Gold:   145        SH: 12    Dex: 12    Spells: 4/4 levels left

rFire   . . .        a - +0 trident
rCold   . . .        i - +0 tower shield
rNeg    . . .        b - +0 scale mail
rPois   .            n - +0 helmet
rElec   .            (no cloak)
rCorr   .            (no gloves)
SInv    .            o - +0 pair of boots
Will    .....        (no amulet) Stlth
                     (no ring)
HPRegen 0.27/turn    (no ring)
MPRegen 0.09/turn

%: no passive effects
@: mighty
A: molten scales 2, ignite blood 1, demonic touch 1
a: Renounce Religion, Minor Destruction


You were on level 4 of the Dungeon.
You worshipped Makhleb.
Makhleb was pleased with you.
You visited 1 branch of the dungeon, and saw 4 of its levels.

You collected 145 gold pieces.

Inventory:

Hand Weapons
 a - a +0 trident (weapon)
 f - a +0 dagger
 l - a +1 mace of protection
Missiles
 u - 12 poisoned darts
 w - 8 boomerangs
Armour
 b - a +0 scale mail (worn)
 c - a +0 buckler
 i - a +0 tower shield (worn)
 n - a +0 helmet (worn)
 o - a +0 pair of boots (worn)
Wands
 x - a wand of quicksilver (5)
 y - a wand of digging (1)
 z - a wand of paralysis (13)
Scrolls
 m - a scroll of identify {unknown}
 p - 2 scrolls of enchant weapon {unknown}
 q - a scroll of acquirement {unknown}
 r - a scroll of enchant armour {unknown}
 v - a scroll of fear {unknown}
Potions
 e - a potion of mutation {unknown}
 g - 2 potions of heal wounds {unknown}
 h - 4 potions of curing {unknown}
 j - 2 potions of degeneration {unknown}
 k - a potion of attraction {unknown}
 s - a potion of brilliance {unknown}
 t - a potion of ambrosia {unknown}


   Skills:
 + Level 4.0 Fighting
 + Level 3.0 Polearms
 + Level 3.7 Armour
 + Level 0.5 Dodging
 + Level 3.6 Shields
 + Level 1.0 Invocations


You had 4 spell levels left.
You didn't know any spells.
Your spell library contained the following spells:

 Spells                   Type           Power      Damage    Failure   Level
 Magic Dart               Conj           0%         1d3       100%        1
 Slow                     Hex            0%         N/A       100%        1
 Call Imp                 Summ           0%         N/A       100%        2
 Poisonous Vapours        Pois/Air       0%         N/A       100%        2
 Confusing Touch          Hex            0%         N/A       100%        3
 Mephitic Cloud           Conj/Pois/Air  0%         N/A       100%        3
 Vampiric Draining        Necr           0%         2d6       100%        3
 Freezing Cloud           Conj/Ice/Air   0%         6-21      100%        5


Dungeon Overview and Level Annotations

Branches:
Dungeon (4/15)
 Temple: D:4-7

Altars:
Ashenzari
Gozag
Makhleb
Nemelex Xobeh
Vehumet

Shops:
D:2 =[


Innate Abilities, Weirdness & Mutations

You are mostly covered in molten scales. (AC +3)
Your demonic aura sometimes causes spilled blood to erupt in flames.
Your touch may inflict minor irresistible damage on your foes.


Message History

You block the sky beast's attack.
You hit the sky beast but do no damage.
The sky beast is moderately wounded.
You block the sky beast's attack.
The sky beast flickers out of sight!
Deactivating autopickup; reactivate with Ctrl-A.
Something hits you. Something shocks you.
* * * LOW HITPOINT WARNING * * *
You puncture something!
A sky beast appears from thin air!
Reactivating autopickup.
The sky beast hits you but does no damage.
You closely miss the sky beast.
The sky beast is heavily wounded.
The sky beast hits you but does no damage.
The sky beast flickers out of sight!
Deactivating autopickup; reactivate with Ctrl-A.
Something hits you.
* * * LOW HITPOINT WARNING * * *
Something shocks you.
* * * LOW HITPOINT WARNING * * *
Aiming: Paralyse
Press: ? - help, Q - select action, (/) - cycle Shift-Dir - straight line Nothing appears to happen.
A sky beast appears from thin air!
Reactivating autopickup.
The sky beast hits you but does no damage.
You feel very mighty all of a sudden.
The sky beast flickers out of sight!
Deactivating autopickup; reactivate with Ctrl-A.
You block something's attack.
You hit something. You block something's attack.
You barely miss something.
Something hits you but does no damage. x2
You closely miss something. You block something's attack.
You miss something.
Something hits you but does no damage. x2
You miss something. Something hits you but does no damage.
You miss something. Something completely misses you.
You closely miss something.
Something hits you but does no damage. x2
You miss something. Something hits you.
* * * LOW HITPOINT WARNING * * *
Something shocks you.
You die...

#.....#
######.....#
...........#
#.....# #.....#
###{.##
#..######## ##
######..........
.#
#..@{..........#
.#
#.#####.#####..#
.# #. #.# .#
##### #. ##.##
.# #...# #.
##...## .# #._.#
#. #.....#
.#####...# #.
##...##
.[...##.## #>
##.## ####.##'#
#.#


There were no monsters in sight!

Vanquished Creatures
  2 scorpions
  3 adders
  An ufetubus (D:4)
  A dart slug (D:1)
  2 orcs (D:4)
  6 ball pythons
  10 endoplasms
  2 giant cockroaches
  6 goblins
  4 hobgoblins
  6 jackals (D:1)
  5 quokkas
  3 bats
  3 frilled lizards
  9 kobolds
  A rat (D:1)
64 creatures vanquished.

Notes
Turn   | Place    | Note
-------+----------+-------------------------------------------
     0 | D:1      | javelincjr the Demonspawn Fighter began the quest for the
                  | Orb.
     0 | D:1      | Reached XP level 1. HP: 18/18 MP: 1/1
   106 | D:1      | Gained mutation: Your demonic aura sometimes causes spilled
                  | blood to erupt in flames. [demonic ancestry]
   106 | D:1      | Reached XP level 2. HP: 24/24 MP: 2/2
   406 | D:1      | Gained mutation: You are partially covered in molten
                  | scales. (AC +2) [demonic ancestry]
   406 | D:1      | Reached XP level 3. HP: 29/29 MP: 3/3
   704 | D:1      | Found a faded altar of an unknown god.
   715 | D:1      | Prayed at the altar of an unknown god.
   715 | D:1      | Became a worshipper of Makhleb the Destroyer
   715 | D:1      | Reached * piety under Makhleb
   804 | D:2      | Found Samaeff's Jewellery Shoppe.
  1106 | D:2      | Gained mutation: Your touch may inflict minor irresistible
                  | damage on your foes. [demonic ancestry]
  1106 | D:2      | Reached XP level 4. HP: 29/35 MP: 4/4
  1405 | D:2      | Found Ysoerekhif's Antique Armour Shop.
  1840 | D:3      | Noticed a scorpion
  1853 | D:3      | Killed a scorpion
  1854 | D:3      | Gained mutation: You are mostly covered in molten scales.
                  | (AC +3) [demonic ancestry]
  1854 | D:3      | Reached XP level 5. HP: 21/42 MP: 5/5
  1968 | D:3      | Found a sparkling altar of Nemelex Xobeh.
  2060 | D:3      | Reached ** piety under Makhleb
  2313 | D:4      | Found an opulent altar of Gozag.
  2401 | D:4      | Found a broken altar of Ashenzari.
  2449 | D:4      | Found a radiant altar of Vehumet.
  2489 | D:4      | Reached skill level 4 in Fighting
  2489 | D:4      | Reached skill level 1 in Invocations
  2557 | D:4      | Noticed a sky beast
  2599 | D:4      | Slain by a sky beast

Illustrated notes

Levels and vault maps discovered:
D:1:      shiori_shiawase, layout_loops_ring,
          dreamdust_ecumenical_altar_sealed_demon
D:2:      wander_river, layout_basic, serial_forest, infiniplex_forest_end_2,
          infiniplex_forest_lined_corner, infiniplex_forest_clump_small,
          infiniplex_forest_clump_cross, infiniplex_forest_clump_tiny,
          infiniplex_forest_zigzag_1, infiniplex_forest_straight_3,
          infiniplex_forest_lined_corner, infiniplex_forest_corner_2,
          serial_shops, nicolae_shop_waterfront, nicolae_shop_real_fake_doors
D:3:      layout_rooms, nemelex_altar_shiori, serial_bayou_pond_d
D:4:      layout_loops_ring, pdpol_temple_overflow_zin_treasury_gozag_greed,
          kennysheep_okawaru_gauntlet, nicolae_vehumet_radiance,
          kennysheep_mini_moat

Skill      XL: |  1  2  3  4  5 |
---------------+----------------+-----
Polearms       | 2 3 |  3.0
Shields        | 3 |  3.6
Armour         | 3 |  3.7
Fighting       | 4 |  4.0
Invocations    | 1 |  1.0
Dodging        | |  0.5

Action                     |  1- 3 |  4- 6 || total
---------------------------+-------+-------++-------
  Melee: Trident           |   133 |   134 ||   267
         Mace              |    13 |       ||    13
 Invoke: Minor Destruction |       |    12 ||    12
  Evoke: Wand              |       |     1 ||     1
    Use: Potion            |       |     1 ||     1
 Armour: Scale mail        |    53 |    47 ||   100
  Dodge: Dodged            |    38 |    10 ||    48
  Block: Buckler           |    13 |       ||    13
         Tower shield      |    33 |    52 ||    85

Table legend: (Time is in decaauts)
 A = Elapsed time spent in this place.
 B = Non-inter-level travel time spent in this place.
 C = Inter-level travel time spent in this place.
 D = Time resting spent in this place.
 E = Time spent auto-exploring this place.
 F = Levels seen in this place.
 G = Mean time per level.
                   A        B        C        D        E       F      G
               +--------+--------+--------+--------+--------+-----+--------+
         Total |   2738 |   2571 |    167 |      0 |   1822 |   4 |  684.5 |
       Dungeon |   2738 |   2571 |    167 |      0 |   1822 |   4 |  684.5 |
               +--------+--------+--------+--------+--------+-----+--------+

Top non-repeatable levels by time:
     D:2: 1048 daAuts
     D:1: 826 daAuts
     D:3: 556 daAuts
     D:4: 307 daAuts
